 Dungeon Crawl Stone Soup version 0.19.1 (webtiles) character file.

11 Jushak the Magician (level 2, -1/22 HPs)
             Began as a Demonspawn Wizard on Dec 24, 2016.
             Slain by a hobgoblin (3 damage)
             ... on level 1 of the Dungeon on Dec 25, 2016.
             The game lasted 00:05:36 (740 turns).

Jushak the Magician (Demonspawn Wizard)              Turns: 740, Time: 00:05:37

Health: -1/22      AC:  3    Str:  7    XL:     2   Next: 13%
Magic:  2/6        EV: 12    Int: 19    God:
Gold:   22         SH:  0    Dex: 11    Spells: 1 memorised, 6 levels left

rFire  . . .     SeeInvis .     i - +0 dagger
rCold  + + .     Gourm    .     a - +1 robe
rNeg   . . .     Faith    .     (no shield)
rPois  .         Spirit   .     b - +0 hat
rElec  .         Reflect  .     (no cloak)
rCorr  +         Harm     .     (no gloves)
MR     .....                    (no boots)
Stlth  ++........               (no amulet)
                                l - ring of protection from cold
                                k - ring of resist corrosion

@: no status effects
A: cold resistance 1
a: no special abilities


You were on level 1 of the Dungeon.
You were not hungry.

You visited 1 branch of the dungeon, and saw 2 of its levels.

You collected 22 gold pieces.

Inventory:

Hand Weapons
 i - a +0 dagger (weapon)
Armour
 a - a +1 robe (worn)
 b - a +0 hat (worn)
Jewellery
 k - a ring of resist corrosion (left hand)
 l - a ring of protection from cold (right hand)
Scrolls
 f - 2 scrolls of identify {unknown}
Potions
 g - a potion of heal wounds {unknown}
 h - a potion of curing {unknown}
Books
 c - a book of Minor Magic

   Spells                             Type                      Level
   a - Magic Dart                     Conjuration                  1
   b - Blink                          Translocation                2
   c - Call Imp                       Summoning                    2
   d - Repel Missiles                 Charms/Air                   2
   e - Slow                           Hexes                        2
   f - Conjure Flame                  Conjuration/Fire             3
   g - Mephitic Cloud                 Conjuration/Poison/Air       3
Comestibles
 d - a bread ration
 j - a beef jerky


   Skills:
 + Level 1.8 Fighting
 - Level 1.7 Dodging
 - Level 1.7 Stealth
 - Level 3.0 Spellcasting
 - Level 1.0 Conjurations
   Level 1.0 Summonings
   Level 0.8 Translocations


You had 6 spell levels left.
You knew the following spells:

 Your Spells              Type           Power        Failure   Level  Hunger
a - Magic Dart            Conj           #...         12%         1    None


Dungeon Overview and Level Annotations

Branches:
Dungeon (2/15)

Altars:

Annotations:
D:2 Ijyb


Innate Abilities, Weirdness & Mutations

Your flesh is cold resistant. (rC+)


Message History

The hobgoblin misses you.
You barely miss the hobgoblin.
The hobgoblin is almost dead.
The hobgoblin hits you.
* * * LOW HITPOINT WARNING * * *
You closely miss the hobgoblin.
The hobgoblin is almost dead.
The hobgoblin barely misses you.
You hit the hobgoblin but do no damage.
The hobgoblin is severely wounded.
The hobgoblin hits you.
* * * LOW HITPOINT WARNING * * *
The hobgoblin barely misses you.
Your magical contamination has completely faded away.
There is an open door here.
As you read the scroll labeled JARAEBB VUGAYF, it crumbles to dust.
It is a scroll of enchant armour.
Your +0 robe glows green for a moment.
The hobgoblin hits you.
You die...

#.....#.#.# #+##
#.....#.#.# .....
#.#+###.#.# .# .....
#####.#.# #.#.####.#
.... #.......#
#.#......# ..
#.......###.#......#
#+###
#...........#.>....#
#....
#####'#######......# #
#...g@.........#.#####
#########.....##......
#.....######## #.#####
#.# #.############
#>....[.......
#############. #.


You could see a hobgoblin.

Vanquished Creatures
  A dart slug (D:1)
  A giant cockroach (D:1)
  A goblin (D:1)
  A hobgoblin (D:1)
  A frilled lizard (D:2)
  2 kobolds (D:1)
  3 rats
10 creatures vanquished.

Notes
Turn   | Place    | Note
-------+----------+-------------------------------------------
     0 | D:1      | Jushak the Demonspawn Wizard began the quest for the Orb.
     0 | D:1      | Reached XP level 1. HP: 13/13 MP: 4/4
   239 | D:1      | You fall through a shaft!
   289 | D:2      | Reached skill level 1 in Fighting
   367 | D:2      | Noticed Ijyb
   454 | D:1      | Gained mutation: Your flesh is cold resistant. (rC+) [demonic ancestry]
   454 | D:1      | Reached XP level 2. HP: 8/21 MP: 6/6
   724 | D:1      | HP: 1/22 [hobgoblin (4)]
   740 | D:1      | Slain by a hobgoblin

Skill      XL: |  1 |
---------------+----+-----
Fighting       | 1 |  1.8
Dodging        | |  1.7
Stealth        | |  1.7
Spellcasting   | |  3.0
Conjurations   | |  1.0
Summonings     | |  1.0
Translocations | |  0.8

Action                   || total
-------------------------++-------
Melee: Dagger            ||    69
       Unarmed           ||    17
 Cast: Magic Dart        ||    13
  Use: Scroll            ||     1
Armor: Robe              ||    15
Dodge: Dodged            ||    61
